[Event "Paris GCT Rapid"]
[Site "Paris"]
[Date "2017.06.23"]
[Round "8"]
[White "Bacrot, Etienne"]
[Black "Grischuk, Alexander"]
[Result "0-1"]
[ECO "B31"]
[WhiteElo "2708"]
[BlackElo "2761"]
[PlyCount "96"]
[EventDate "2017.06.21"]
[EventType "tourn (rapid)"]
[EventRounds "9"]
[EventCountry "FRA"]
[EventCategory "22"]
[SourceTitle "CBM 179"]
[Source "ChessBase"]
[SourceDate "2017.07.12"]
[SourceVersion "1"]
[SourceVersionDate "2017.07.12"]
[SourceQuality "1"]
[TimeControl "1500"]

1. e4 c5 2. Nf3 Nc6 3. Bb5 g6 4. O-O Bg7 5. Re1 e5 6. b4 cxb4 7. a3 b3 8. cxb3 Nge7 9. Bb2 O-O 10. b4 a6 11. Ba4 d5 12. exd5 Qxd5 13.
Nc3 Qd3 14. Ne4 b6 15. Rc1 Bb7 16. Qe2 Qd5 17. Qe3 Qd8 18. Qg5 f6 19. Qe3 Kh8 20. Qe2 Rc8 21. Bb3 Nd5 22. d4 Nxd4 23. Nxd4 Rxc1 24. Rxc1 exd4 25. Qd2 Re8 26. Qxd4 Nf4 27. Qxd8 Rxd8 28. Ng3 h5 29. Rc7 Bxg2 30. Bc1 Bd5 31. Bxd5 Nxd5 32. Rc6 Kh7 33. Ne4 Ne7 34. Rc7 Rd1+ 35. Kg2 Nd5 36. Rc6 g5 37. Bd2 g4 38. Rd6 Ne7 39. Rd7 Nf5 40.
Nxf6+ Kg6 41. Ne4 Be5 42. f4 Bxf4 43. Rd3 Nh4+ 44. Kf2 Bxh2 45. Ke2 Ra1 46. Rc3 Nf3 47. Be3 Kf5 48. Nd6+ Bxd6 0-1